 Dungeon Crawl Stone Soup version 0.25-a0-24-g72dcfe0359 (webtiles) character file.

Game seed: 6694900574999216715, levelgen mode: deterministic

269 Flugkiller the Skirmisher (level 6, -3/67 HPs)
             Began as an Octopode Berserker on Oct 17, 2019.
             Was a Priest of Trog.
             Shot with a stone by a goblin (5 damage)
             ... on level 3 of the Dungeon.
             The game lasted 00:04:25 (3243 turns).

Flugkiller the Skirmisher (Octopode Berserker)      Turns: 3243, Time: 00:04:26

Health: -3/67      AC:  1    Str: 21    XL:     6   Next: 22%
Magic:  6/6        EV: 15    Int: 10    God:    Trog [***...]
Gold:   117        SH:  0    Dex: 13    Spells: 5/5 levels left

rFire    . . .     SeeInvis .   h - +0 whip (elec)
rCold    . . .     Gourm    .   (no shield)
rNeg     . . .     Faith    .   (helmet restricted)
rPois    .         Spirit   .   (no amulet)
rElec    .         Reflect  .   (no ring)
rCorr    .         Harm     .   (no ring)
MR       .....                  (no ring)
Stlth    ..........             (no ring)
HPRegen  0.21/turn              (no ring)
MPRegen  0.10/turn              (no ring)
                                (no ring)
                                (no ring)

@: berserking (expiring), very quick
A: almost no armour, stealthy swim, amphibious, 8 rings, constrict 8, camouflage
1, gelatinous body 1
a: Berserk, Trog's Hand, Renounce Religion


You were on level 3 of the Dungeon.
You worshipped Trog.
Trog was most pleased with you.
You were very hungry.

You visited 1 branch of the dungeon, and saw 3 of its levels.

You collected 117 gold pieces.

Inventory:

Hand Weapons
 h - a +0 whip of electrocution (weapon)
   (You took it off a kobold on level 1 of the Dungeon)
 p - a +3 spear
   (You took it off a gnoll on level 3 of the Dungeon)
Missiles
 l - 7 poisoned darts (quivered)
Scrolls
 c - 3 scrolls of teleportation
 e - a scroll of noise {unknown}
 f - a scroll of blinking {unknown}
 o - a scroll of enchant armour {unknown}
Potions
 d - a potion of curing
 g - 2 potions of brilliance
 i - a potion of lignification {unknown}
 j - 2 potions of heal wounds
 k - a potion of agility {unknown}
 m - a potion of haste
Comestibles
 b - 6 rations
 n - 3 chunks of flesh


   Skills:
 + Level 4.9 Fighting
 - Level 2.0 Maces & Flails
 - Level 3.0 Polearms
 + Level 4.9 Dodging


You had 5 spell levels left.
You didn't know any spells.
Your spell library was empty.

Dungeon Overview and Level Annotations

Branches:
Dungeon (3/15)

Altars:

Annotations:
D:3 exclusions: orc and orc priest


Innate Abilities, Weirdness & Mutations

You cannot wear most types of armour.
You are very stealthy in the water. (Stealth+)
You are amphibious.
You can wear up to eight rings at the same time.
You can use your tentacles to constrict eight enemies at once.
Your skin changes colour to match your surroundings (Stealth+).
Your rubbery body absorbs attacks. (AC +1, EV +1)


Message History

The rat is severely wounded.
You constrict the rat.
You kill the rat!
Trog accepts your kill.
The hobgoblin shoots a sling bullet.
The sling bullet misses you.
The gnoll hits you from afar with a +0 spear!
* * * LOW HITPOINT WARNING * * *
You hit the goblin. Lightning courses through the goblin!
You kill the goblin!
Trog accepts your kill.
Unknown command.
You whack the hobgoblin!
You kill the hobgoblin!
Trog accepts your kill. The gnoll closely misses you.
Unknown command.
A gnoll comes into view. It is wielding a +0 club.
The gnoll completely misses you. The goblin barely misses you.
The gnoll hits you with a +0 spear.
* * * LOW HITPOINT WARNING * * *
There is an open door, spattered with blood here.
Items here: (( ))))) ††††† You barely miss the gnoll.
You grab the gnoll. You constrict the gnoll.
The goblin unwields a +0 hunting sling.
The goblin misses you. The gnoll closely misses you.
Unknown command.
You hit the gnoll. Lightning courses through the gnoll!
You kill the gnoll!
Trog accepts your kill. The goblin misses you.
Unknown command.
You whack the goblin!
You kill the goblin!
Trog accepts your kill. The goblin barely misses you.
The gnoll hits you but does no damage.
Unknown command.
A hobgoblin comes into view. It is wielding a +0 club.
The goblin wields a +0 hunting sling.
The goblin shoots a stone.
The stone barely misses you. The gnoll hits you with a +0 spear.
* * * LOW HITPOINT WARNING * * *
Things that are here:
a stone; a +0 club; a goblin corpse You barely miss the gnoll.
Your grab misses the gnoll. The gnoll hits you with a +0 club!
* * * LOW HITPOINT WARNING * * *
You closely miss the gnoll. You grab the gnoll. You constrict the gnoll.
The gnoll hits you with a +0 spear!
* * * LOW HITPOINT WARNING * * *
The goblin shoots a stone.
The stone hits you.
You die...

.≈.≈.≈≈≈≈.≈≈.≈≈≈≈≈≈.....≈).≈≈≈)≈≈
≈≈≈≈≈≈≈≈≈≈≈≈≈≈≈≈≈≈......≈≈≈≈≈≈≈≈≈
≈≈≈≈≈≈≈≈≈≈≈≈≈≈≈≈≈≈≈....≈≈≈≈≈≈≈≈≈≈
≈≈≈≈≈≈≈≈≈≈≈≈≈≈≈≈≈≈.....≈≈≈≈≈≈≈≈≈≈
####################''###########
#..... #..(.#.......#. ......
#....#.......))
......#########...(#########.
......g....g@#......#........
...........g))......'.....(..
...........(g#......#....(...
......#########....#########.
..... #....#.....).'. #...
#....#.....))#.
#################################
≈≈≈≈≈≈≈≈≈≈≈≈≈≈≈≈≈≈≈≈≈≈≈≈≈≈≈≈≈≈≈≈≈
≈≈≈≈≈≈≈≈≈≈≈≈≈≈≈≈≈≈≈≈≈≈≈≈≈≈≈≈≈≈≈≈≈


You could see 2 gnolls, a hobgoblin and a goblin.

Vanquished Creatures
  A centaur skeleton (D:3)
  8 gnolls (D:3)
  6 adders
  An ooze (D:2)
  3 dart slugs (D:1)
  A leopard gecko (D:2)
  2 ball pythons
  2 giant cockroaches (D:2)
  14 hobgoblins
  9 kobolds
  9 bats
  6 frilled lizards
  32 goblins
  5 rats
99 creatures vanquished.

Notes
Turn   | Place    | Note
-------+----------+-------------------------------------------
     0 | D:1      | Flugkiller the Octopode Berserker began the quest for the
                  | Orb.
     0 | D:1      | Reached XP level 1. HP: 16/16 MP: 1/1
   160 | D:1      | Reached XP level 2. HP: 21/21 MP: 2/2
   945 | D:2      | Reached XP level 3. HP: 26/26 MP: 3/3
  1391 | D:2      | Reached XP level 4. HP: 32/33 MP: 4/4
  1529 | D:2      | Reached ** piety under Trog
  2374 | D:3      | Reached skill level 1 in Maces & Flails
  2512 | D:3      | Reached XP level 5. HP: 37/37 MP: 5/5
  2832 | D:3      | Reached *** piety under Trog
  2950 | D:3      | Reached XP level 6. HP: 43/44 MP: 6/6
  3243 | D:3      | HP: 2/67 [gnoll/+0 spear (7)]
  3243 | D:3      | Shot with a stone by a goblin

Levels and vault maps discovered:
D:1:      mrwooster_arrival_statue, layout_loops_ring, minmay_misc_feat_rows,
          chequers_decorated_corner
D:2:      layout_basic
D:3:      minmay_goblin_kobold_castle, layout_loops_ring, first_ration

Skill      XL: |  1  2  3  4  5 |
---------------+----------------+-----
Fighting       | 4 |  4.9
Dodging        | 4 |  4.9
Maces & Flails | 1 2 |  2.0
Polearms       | |  3.0

Action                   |  1- 3 |  4- 6 || total
-------------------------+-------+-------++-------
Melee: Spear             |    64 |       ||    64
       Constrict         |    15 |    38 ||    53
       Tentacles         |     6 |    20 ||    26
       Whip              |       |   129 ||   129
Invok: Berserk           |     2 |     3 ||     5
       Trog's Hand       |       |     1 ||     1
  Use: Scroll            |     5 |     2 ||     7
 Stab: Sleeping          |     7 |     5 ||    12
  Eat: Chunk             |     3 |     8 ||    11
Armor: Skin              |     6 |     5 ||    11
Dodge: Dodged            |    22 |    95 ||   117

Table legend:
 A = Non-vault XP
 B = Vault XP
 C = Vault XP percentage of total XP
 D = Non-vault monster count
 E = Vault monster count
 F = Vault count percentage of total count
                 A         B        C        D         E       F
            +---------+---------+-------+---------+---------+-------
      Total |     210 |     175 |  45.5 |      59 |      40 |  40.4
            +---------+---------+-------+---------+---------+-------
        D:1 |      31 |       0 |   0.0 |      16 |       0 |   0.0
        D:2 |      75 |       0 |   0.0 |      22 |       0 |   0.0
        D:3 |     104 |     175 |  62.7 |      21 |      40 |  65.6
            +---------+---------+-------+---------+---------+-------
